 Dungeon Crawl Stone Soup version 0.28.0-53-g5a82cb258f (webtiles) character file.

Game seed: 10648195198372202238

340646 ILmort the Hand of Fortune (level 21, -11/185 HPs)
             Began as a Demonspawn Monk on Aug 22, 2022.
             Was the Champion of Nemelex Xobeh.
             Blown up by a lich (69 damage)
             ... with an orb of destruction
             ... on level 3 of the Vaults on Aug 25, 2022.
             The game lasted 04:49:02 (67355 turns).

ILmort the Hand of Fortune (Demonspawn Monk)       Turns: 67355, Time: 04:49:02

Health: -11/185    AC: 34    Str: 29    XL:     21   Next: 7%
Magic:  0/35       EV: 15    Int: 15    God:    Nemelex Xobeh [******]
Gold:   4406       SH:  0    Dex: 15    Spells: 20/20 levels left

rFire   + + +      SeeInvis +     - Unarmed
rCold   . . .      Faith    +   (no shield)
rNeg    + + .      Spirit   +   L - +7 chain mail "Varoewn" {Fly rF+}
rPois   +          Reflect  .   K - +2 helmet {SInv}
rElec   +          Harm     .   (cloak unavailable)
rCorr   +          Rampage  .   f - +0 pair of gloves "Eseahou" {Str+6}
Will    +++..                   C - +0 pair of boots "Ecvoc" {rElec rF++ Int-5 SInv}
Stlth   ..........              S - amulet "Livaw" {Faith rN+ Will+ Int+4}
HPRegen 0.40/turn               d - ring of Contentment {rF- rN+ AC+4 Int+3}
MPRegen 0.48/turn               n - ring of Coawegaq {rPois rCorr Str+3 Dex-2}

@: flying
A: molten scales 3, foul stench 2, magic shield, magic regeneration, magic link,
demonic willpower, weakness stinger 3
}: 2/15 runes: decaying, gossamer
a: Renounce Religion, Draw Escape, Draw Destruction, Draw Summoning, Draw Stack,
Triple Draw, Deal Four, Stack Five


You were on level 3 of the Vaults.
You worshipped Nemelex Xobeh.
Nemelex Xobeh was exalted by your worship.
You visited 7 branches of the dungeon, and saw 35 of its levels.
You visited the Abyss 1 time.
You visited 1 bazaar.

You collected 5953 gold pieces.
You spent 1547 gold pieces at shops.

Inventory:

Hand Weapons
 y - the +7 hand crossbow of Insufficient Pleasure {elec, Fly rC+++ rCorr Stlth-}
   (You took it off a gnoll on level 5 of the Dungeon)

   Any ammunition fired from it occasionally discharges a powerful burst of
   electricity upon striking a foe.
   rC:        It renders you almost immune to cold.
   Fly:       It grants you flight.
   rCorr:     It protects you from acid and corrosion.
   Stlth:     It makes you less stealthy.
 Y - a +1 vorpal eveningstar
Missiles
 M - 2 throwing nets (quivered)
Armour
 f - the +0 pair of gloves "Eseahou" (worn) {Str+6}
   (You bought it in a shop on level 2 of the Orcish Mines)

   Str:       It affects your strength (+6).
 h - the +3 scale mail of Vaogefyz {Harm rPois rCorr}
   (You found it on level 6 of the Dungeon)

   rPois:     It protects you from poison.
   rCorr:     It protects you from acid and corrosion.
   Harm:      It increases damage dealt and taken.
 w - a +2 ring mail of cold resistance
 C - the +0 pair of boots "Ecvoc" (worn) {rElec rF++ Int-5 SInv}
   (You acquired it on level 12 of the Dungeon)

   Int:       It affects your intelligence (-5).
   rF:        It greatly protects you from fire.
   rElec:     It insulates you from electricity.
   SInv:      It lets you see invisible.
 K - a +2 helmet of see invisible (worn)
 L - the +7 chain mail "Varoewn" (worn) {Fly rF+}
   (You found it on level 3 of the Lair of Beasts)

   rF:        It protects you from fire.
   Fly:       It grants you flight.
Jewellery
 d - the ring of Contentment (left hand) {rF- rN+ AC+4 Int+3}
   (You took it off a skeletal warrior on level 11 of the Dungeon)

   [ring of protection]

   AC:        It affects your AC (+4).
   Int:       It affects your intelligence (+3).
   rF:        It makes you vulnerable to fire.
   rN:        It protects you from negative energy.
 n - the ring of Coawegaq (right hand) {rPois rCorr Str+3 Dex-2}
   (You found it on level 11 of the Dungeon)

   [ring of poison resistance]

   Str:       It affects your strength (+3).
   Dex:       It affects your dexterity (-2).
   rPois:     It protects you from poison.
   rCorr:     It protects you from acid and corrosion.
 r - a ring of positive energy
 x - an amulet of reflection
 z - a +4 ring of protection
 B - the ring "Nabadugh" {rC+ rCorr}
   (You took it off a centaur warrior on level 11 of the Dungeon)

   [ring of protection from cold]

   rC:        It protects you from cold.
   rCorr:     It protects you from acid and corrosion.
 Q - an amulet of regeneration
 S - the amulet "Livaw" (around neck) {Faith rN+ Will+ Int+4}
   (You found it on level 11 of the Dungeon)

   [amulet of faith]

   It allows you to gain divine favour quickly.
   Int:       It affects your intelligence (+4).
   rN:        It protects you from negative energy.
   Will:      It increases your willpower.
 X - a +4 ring of protection
Wands
 c - a wand of acid (13)
 p - a wand of paralysis (8)
 s - a wand of polymorph (12)
 t - a wand of flame (37)
 D - a wand of mindburst (24)
 P - a wand of iceblast (26)
 R - a wand of digging (39)
Scrolls
 a - 2 scrolls of enchant armour
 b - 23 scrolls of teleportation
 g - a scroll of amnesia
 l - 3 scrolls of fog
 H - 4 scrolls of magic mapping
 I - 3 scrolls of silence
 J - 9 scrolls of fear
 V - a scroll of summoning
Potions
 i - 9 potions of curing
 j - 5 potions of invisibility
 o - 8 potions of ambrosia
 u - 5 potions of cancellation
 v - 5 potions of flight
 A - 4 potions of lignification
 E - 2 potions of heal wounds
 F - 5 potions of might
 G - 6 potions of resistance
 O - 2 potions of berserk rage
 T - 2 potions of magic
 U - a potion of mutation
 Z - a potion of brilliance
Miscellaneous
 k - a tin of tremorstones (2/2)
 m - a condenser vane
 N - a lightning rod (4/4)
 W - a phial of floods


   Skills:
 + Level 20.8 Fighting
 + Level 14.0 Armour
 + Level 12.9 Dodging
 - Level 1.7 Stealth
 + Level 14.7 Unarmed Combat
 + Level 20.9 Invocations
 - Level 6.0 Evocations


You had 20 spell levels left.
You didn't know any spells.
Your spell library contained the following spells:

 Spells                   Type           Power      Damage    Failure   Level
 Apportation              Tloc           0%         N/A       67%         1
 Sting                    Tmut/Pois      0%         1d3       67%         1
 Blink                    Tloc           0%         N/A       80%         2
 Ensorcelled Hibernation  Hex/Ice        0%         N/A       80%         2
 Poisonous Vapours        Pois/Air       0%         N/A       80%         2
 Sublimation of Blood     Necr           0%         N/A       80%         2
 Call Canine Familiar     Summ           0%         N/A       95%         3
 Gell's Gravitas          Tloc           0%         N/A       95%         3
 Ignite Poison            Fire/Tmut/Pois 0%         N/A       95%         3
 Mephitic Cloud           Conj/Pois/Air  0%         N/A       95%         3
 Ozocubu's Armour         Ice            0%         N/A       95%         3
 Portal Projectile        Hex/Tloc       0%         N/A       95%         3
 Spider Form              Tmut/Pois      0%         N/A       95%         3
 Summon Guardian Golem    Hex/Summ       0%         N/A       95%         3
 Teleport Other           Tloc           0%         N/A       95%         3
 Tukima's Dance           Hex            0%         N/A       95%         3
 Anguish                  Hex/Necr       0%         N/A       100%        4
 Cause Fear               Hex            0%         N/A       100%        4
 Leda's Liquefaction      Hex/Erth       0%         N/A       100%        4
 Olgreb's Toxic Radiance  Pois           0%         N/A       100%        4
 Passage of Golubria      Tloc           0%         N/A       100%        4
 Petrify                  Tmut/Erth      0%         N/A       100%        4
 Alistair's Intoxication  Tmut/Pois      0%         N/A       100%        5
 Blade Hands              Tmut           0%         N/A       100%        5
 Excruciating Wounds      Necr           0%         N/A       100%        5
 Freezing Cloud           Conj/Ice/Air   0%         6-21      100%        5
 Irradiate                Conj/Tmut      0%         3d13      100%        5
 Manifold Assault         Tloc           0%         N/A       100%        5
 Metabolic Englaciation   Hex/Ice        0%         N/A       100%        5
 Summon Forest            Summ/Tloc      0%         N/A       100%        5
 Yara's Violent Unravell  Hex/Tmut       0%         3d3       100%        5
 Dispersal                Tloc           0%         N/A       100%        6
 Eringya's Noxious Bog    Tmut/Pois      0%         N/A       100%        6
 Dragon Form              Tmut           0%         N/A       100%        7
 Enfeeble                 Hex            0%         N/A       100%        7
 Orb of Destruction       Conj           0%         9d5       100%        7
 Ozocubu's Refrigeration  Ice            0%         4d5       100%        7
 Spellforged Servitor     Conj/Summ      0%         N/A       100%        7
 Storm Form               Tmut/Air       0%         N/A       100%        7
 Summon Hydra             Summ           0%         N/A       100%        7


Dungeon Overview and Level Annotations

Branches:
Dungeon (15/15)            Temple (1/1) D:4            Lair (6/6) D:8
  Swamp (4/4) Lair:3       Spider (4/4) Lair:2        Slime (0/5) Lair:6
    Orc (2/2) D:10            Elf (0/3) Orc:2        Vaults (3/5) D:13
 Depths (0/4) D:15
  Crypt: Vaults:2-3

Altars:
Ashenzari
Cheibriados
Dithmenos
Elyvilon
Fedhas
Gozag
Hepliaklqana
Kikubaaqudgha
Makhleb
Nemelex Xobeh
Okawaru
Qazlal
Ru
Sif Muna
Trog
Uskayaw
Vehumet
Wu Jian
Xom
Yredelemnul
Zin
The Shining One
Beogh
Jiyva
Lugonu

Shops:
D:1 (   D:7 !   D:10 (   Orc:1 :   Orc:2 **(=[   Vaults:3 !

Portals:
Abyss: D:14
Trove: D:10 (give +2 shadow dragon scales)

Annotations:
D:5 2 transporters, kalagan's ghost, novice DECj
D:10 exclusion: downstairs
D:11 1 runed translucent door
D:13 exclusion: ice statue


Innate Abilities, Weirdness & Mutations

You are completely covered in molten scales. (AC +4, rF+)
You sometimes emit foul miasma when damaged in melee.
When hurt, damage is shared between your health and your magic reserves.
You regenerate magic rapidly.
When low on magic, you restore magic in place of health.
You punish those that try to bend your will. (Will+)
You have a sharp stinger which inflicts weakening toxins.


Message History

The white ugly thing basks in the mutagenic energy from its kin and changes!
The lich conjures an orb of pure magic.
The white very ugly thing bites you but does no damage.
An orb of destruction comes into view.
You barely miss the lich.
You tail-slap the lich, but do no damage.
The wavering orb of destruction hits you!!!
The lich misses you.
You hit the lich but do no damage.
You tail-slap the lich, but do no damage.
The white very ugly thing closely misses you.
You hit the lich but do no damage.
You tail-slap the lich, but do no damage.
The lich touches you but does no damage.
The white very ugly thing misses you.
You draw a card...
You have drawn the Swarm.
The lich closely misses you. The cyan ugly thing misses you.
The white very ugly thing bites you!
The white very ugly thing freezes you!!!
Your killer bee stings the cyan ugly thing.
The cyan ugly thing barely misses your killer bee.
The white very ugly thing bites your killer bee!!
Your killer bee dies!
Your killer bee's corpse disappears in a puff of smoke!
Your killer bee barely misses the white very ugly thing.
Your killer bee stings the cyan ugly thing.
Your killer bee stings the white very ugly thing.
Your killer bee barely misses the cyan ugly thing.
Your killer bee stings the white very ugly thing.
Your killer bee barely misses the cyan ugly thing.
Your killer bee stings the white very ugly thing but does no damage.
Your killer bee barely misses the cyan ugly thing.
The lich launches a ball of destructive magic.
Your killer bee stings the white very ugly thing.
An orb of destruction comes into view.
Your killer bee closely misses the white very ugly thing.
Your killer bee stings the cyan ugly thing but does no damage.
The white very ugly thing basks in the mutagenic energy from its kin and changes!
The orb of destruction hits you!!!!
You die...
Your body glows slightly and disappears.

############
#########...........
#.......'...........
#.......#...........
#.......#.○.y.......
.#######......)@☼Lu........
.....[...#######..uy.......
####.....# #...#'#'##'#
#.....# #...#..... .
#.....# #...#...... #.....#
#...####'###
####)########...# ....
#.)).....##...# #...)..#.#


You could see a cyan very ugly thing (ally target), a lich (invisible), a cyan
ugly thing (ally target) and 2 friendly killer bees.

Vanquished Creatures
  Nikola (Spider:1)
  A golden dragon (Vaults:3)
  Jorgrun (Spider:3)
  The ghost of gnacko the Warrior, an adept MiFi of Okawaru (Spider:2)
  A thorn hunter (Swamp:4)
  A shadow dragon (Vaults:1)
  A storm dragon (Swamp:4)
  5 vault wardens
  4 emperor scorpions (Spider:4)
  A war gargoyle (Vaults:3)
  An orc warlord (Orc:2)
  4 ghost moths (Spider:4)
  3 broodmothers
  8 ironbound preservers (Vaults:1)
  10 very ugly things
  4 ironbound thunderhulks
  5 eleionomae
  3 entropy weavers
  The ghost of Ituch the Geomancer, a journeyman GrEE of Yredelemnul (Lair:6)
  5 spark wasps
  3 dire elephants
  An ettin (Swamp:2)
  3 bunyips
  A fire dragon (Lair:6)
  A shambling mangrove (Swamp:4)
  2 great orbs of eyes
  Josephine (Lair:4)
  4 yaktaur captains
  A rakshasa (D:15)
  4 ogre magi (D:15)
  2 radroaches
  2 catoblepae (Lair:6)
  4 ghost crabs
  5 vault guards
  14 hydras
  3 boulder beetles
  9 centaur warriors
  An anaconda (shapeshifter) (Vaults:2)
  5 jorogumos
  2 ironbound frosthearts (Vaults:1)
  9 death yaks
  12 two-headed ogres
  7 alligators
  3 orc high priests
  2 deep elf knights (D:15)
  7 spriggans (Swamp:2)
  4 pharaoh ants
  5 goliath frogs
  A sun moth (Spider:3)
  A glowing orange brain (D:15)
  2 spriggan druids
  6 steelbarb worms
  11 skeletal warriors
  26 deep trolls
  A flayed ghost (D:11)
  8 swamp dragons
  An obsidian statue (Vaults:1)
  A bog body (Swamp:1)
  10 orb spiders
  9 wizards
  16 lindwurms
  9 ironbound convokers
  2 necromancers
  4 orc sorcerers
  8 orc knights
  20 wolf spiders
  5 deep elf pyromancers
  6 cyclopes
  4 manticores
  13 ugly things
  3 will-o-the-wisps
  6 elephants
  5 moths of wrath
  4 black mambas
  4 vault sentinels
  The ghost of kalagan the Magician, a novice DECj (D:6)
  Joseph (D:8)
  10 cane toads
  A gargoyle (D:13)
  8 torpor snails
  4 demonic crawlers
  8 komodo dragons
  2 unseen horrors
  3 rime drakes
  8 yaktaurs (Vaults:1)
  2 efreet
  A tengu conjurer (D:13)
  2 freezing wraiths
  6 trolls
  4 meliai
  4 polar bears
  19 hornets
  12 tyrant leeches
  2 dream sheep (Lair:6)
  25 tarantellas
  12 slime creatures
  10 blink frogs
  A centaur simulacrum (D:12)
  A jumping spider (shapeshifter) (D:15)
  14 jumping spiders
  3 shadows
  13 culicivoras
  4 wraiths (Lair:4)
  4 wyverns
  Eustachio (D:6)
  5 basilisks
  15 humans
  A steam dragon (Lair:5)
  56 yaks
  A hog (D:11)
  5 vampire mosquitoes (Swamp:1)
  31 redbacks
  6 wargs
  20 swamp worms
  A harpy simulacrum (D:13)
  17 water moccasins
  4 acid dragons
  10 swamp drakes
  A floating eye (D:11)
  6 ice beasts
  26 orc warriors
  2 black bears
  2 sky beasts
  2 boggarts (D:15)
  A lemure (Lair:2)
  8 ogres
  16 wolves
  20 centaurs
  A phantom (D:5)
  A kobold brigand (D:9)
  A gnoll sergeant (D:5)
  12 bullfrogs
  A water moccasin zombie (D:6)
  9 killer bees
  9 wights
  6 howler monkeys
  4 electric eels
  A bullfrog zombie (D:7)
  A crimson imp (Lair:1)
  7 centaur zombies
  4 hounds
  A jelly (D:6)
  Crazy Yiuf (D:3)
  9 orc priests
  An iron imp (Lair:2)
  Jessica (D:3)
  6 hell rats (Lair:6)
  Ijyb (D:5)
  An iguana (D:3)
  17 orc wizards
  6 polar bear simulacra (Lair:3)
  2 yak simulacra (Lair:3)
  3 wolf simulacra (Lair:3)
  A hound skeleton (D:5)
  A mummy (D:4)
  4 gnolls (D:5)
  An adder (D:6)
  A howler monkey skeleton (D:2)
  2 shadow imps (Lair:1)
  12 white imps
  An ufetubus (D:5)
  An adder skeleton (D:4)
  A dart slug (D:4)
  59 orcs
  7 ball pythons
  7 endoplasms
  4 giant cockroaches
  5 goblins
  6 hobgoblins
  7 jackals
  A quokka (D:1)
  3 bats
  2 frilled lizards (D:2)
  7 kobolds
  7 rats
  A briar patch (Swamp:4)
  2 lurking horrors (D:14)
1055 creatures vanquished.

Vanquished Creatures (collateral kills)
  Donald (Swamp:3)
  Louise (Swamp:3)
  An orc warlord (Vaults:2)
  The ghost of glosham the Eclecticist, a journeyman DjCA of Makhleb (D:13)
  A war gargoyle (Vaults:1)
  An ironbound preserver (Vaults:3)
  An ironbound thunderhulk (Vaults:2)
  A broodmother (Spider:1)
  3 dire elephants (Vaults:1)
  An ettin (Swamp:4)
  A crystal guardian (Vaults:1)
  A hydra (Swamp:4)
  A boulder beetle (D:13)
  A jorogumo (Spider:4)
  A radroach (Spider:4)
  An ogre mage (D:15)
  A peacekeeper (Vaults:1)
  An ironbound frostheart (Vaults:2)
  A two-headed ogre (D:15)
  3 death yaks (D:8)
  A sun moth (Spider:4)
  A spriggan druid (Swamp:4)
  An ironbound convoker (Vaults:2)
  A swamp dragon (Swamp:4)
  2 lindwurms
  A harpy (Lair:5)
  An orc knight (Orc:2)
  An orc sorcerer (Orc:2)
  An ugly thing (D:15)
  A vault sentinel (Vaults:2)
  A black mamba (Lair:6)
  A torpor snail (Lair:6)
  A cane toad (Lair:6)
  A yaktaur (Swamp:4)
  A queen bee (Lair:5)
  A tarantella (Spider:4)
  A tyrant leech (Lair:6)
  A hornet (Lair:6)
  A polar bear (Swamp:4)
  2 blink frogs (Lair:6)
  2 jumping spiders
  Sigmund (D:3)
  A spriggan (Swamp:4)
  4 yaks (Lair:3)
  5 humans (D:13)
  A golden eye (Lair:5)
  A redback (Spider:4)
  2 swamp worms (Swamp:3)
  A swamp drake (Swamp:4)
  6 orc warriors (Orc:2)
  An ogre (Orc:2)
  2 centaurs (D:11)
  A scorpion (Swamp:4)
  4 orcs (Orc:2)
78 creatures vanquished.

Vanquished Creatures (others)
  An orc sorcerer (Orc:2)
  An unseen horror (D:11)
  A bloated husk (Swamp:2)
  A bullfrog (Lair:1)
  A killer bee (Lair:2)
  An orc wizard (D:8)
  A fire vortex (Lair:5)
  12 foxfires
  81 fungi
  80 plants
180 creatures vanquished.

Grand Total: 1313 creatures vanquished

Notes
Turn   | Place    | Note
-------+----------+-------------------------------------------
     0 | D:1      | ILmort the Demonspawn Monk began the quest for the Orb.
     0 | D:1      | Reached XP level 1. HP: 18/18 MP: 1/1
   358 | D:1      | Gained mutation: You are partially covered in molten
                  | scales. (AC +2) [demonic ancestry]
   358 | D:1      | Reached XP level 2. HP: 15/24 MP: 2/2
   863 | D:1      | Found Zuorufio's Weapon Shop.
   898 | D:1      | Found a faded altar of an unknown god.
  1415 | D:2      | Gained mutation: You regenerate magic rapidly. [demonic
                  | ancestry]
  1415 | D:2      | Reached XP level 3. HP: 21/29 MP: 3/3
  2393 | D:3      | Noticed Jessica
  2673 | D:3      | Killed Jessica
  2674 | D:3      | Reached XP level 4. HP: 34/37 MP: 4/4
  2741 | D:3      | Noticed a phantom
  2764 | D:3      | Found a sparkling altar of Nemelex Xobeh.
  2771 | D:3      | Became a worshipper of Nemelex Xobeh the Trickster
  2771 | D:3      | Reached * piety under Nemelex Xobeh
  2771 | D:3      | Received a gift from Nemelex Xobeh
  2771 | D:3      | Reached ** piety under Nemelex Xobeh
  2825 | D:3      | Reached skill level 1 in Invocations
  3090 | D:3      | Received a gift from Nemelex Xobeh
  3127 | D:3      | Gained mutation: You may rarely emit foul miasma when
                  | damaged in melee. [demonic ancestry]
  3127 | D:3      | Reached XP level 5. HP: 35/42 MP: 4/6
  3196 | D:3      | Noticed Sigmund
  3231 | D:3      | Killed Sigmund
  3232 | D:3      | Gained mutation: When hurt, damage is shared between your
                  | health and your magic reserves. [demonic ancestry]
  3232 | D:3      | Reached XP level 6. HP: 27/48 MP: 6/8
  3714 | D:3      | Found a runed translucent door.
  3715 | D:3      | Noticed Crazy Yiuf
  3727 | D:3      | Killed Crazy Yiuf
  3728 | D:3      | Reached skill level 5 in Unarmed Combat
  3909 | D:4      | Found a staircase to the Ecumenical Temple.
  4087 | Temple   | Entered the Ecumenical Temple
  4268 | D:4      | Found a bloodstained altar of Trog.
  4377 | D:4      | Found a snail-covered altar of Cheibriados.
  4679 | D:4      | Received a gift from Nemelex Xobeh
  4703 | D:4      | Noticed an orc warrior
  4707 | D:4      | Killed an orc warrior
  4708 | D:4      | Gained mutation: You are mostly covered in molten scales.
                  | (AC +3) [demonic ancestry]
  4708 | D:4      | Reached XP level 7. HP: 55/55 MP: 10/10
  5221 | D:5      | Entered Level 5 of the Dungeon
  5233 | D:5      | Received a gift from Nemelex Xobeh
  5273 | D:5      | Found a radiant altar of Vehumet.
  5304 | D:5      | Found a transporter.
  5304 | D:5      | Found a transporter.
  5305 | D:5      | Noticed kalagan's ghost (novice DECj)
  5397 | D:5      | Reached skill level 5 in Invocations
  5548 | D:5      | Noticed Ijyb
  5557 | D:5      | Killed Ijyb
  5742 | D:5      | Reached skill level 1 in Armour
  5837 | D:5      | Reached skill level 5 in Fighting
  5963 | D:5      | Identified the +7 hand crossbow of Insufficient Pleasure
                  | {elec, Fly rC+++ rCorr Stlth-}
  6284 | D:5      | Reached *** piety under Nemelex Xobeh
  6779 | D:6      | Gained mutation: You are completely covered in molten
                  | scales. (AC +4, rF+) [demonic ancestry]
  6779 | D:6      | Reached XP level 8. HP: 54/62 MP: 12/12
  6848 | D:6      | Identified the +3 scale mail of Vaogefyz {Harm rPois rCorr}
  6900 | D:6      | Noticed Eustachio
  6905 | D:6      | Killed Eustachio
  7092 | D:6      | Received a gift from Nemelex Xobeh
  7686 | D:6      | Found a large runed translucent door.
  7686 | D:6      | Found a large runed translucent door.
  7686 | D:6      | Noticed kalagan's ghost (novice DECj)
  7724 | D:6      | Killed kalagan's ghost
  7983 | D:6      | Found an ornate altar of the Wu Jian Council.
  8263 | D:7      | Gained mutation: You have a small tail. [demonic ancestry]
  8263 | D:7      | Reached XP level 9. HP: 46/69 MP: 10/14
  9204 | D:7      | Found Kawyffe's Distillery.
  9207 | D:7      | Bought a potion of curing for 30 gold pieces
  9207 | D:7      | Bought a potion of heal wounds for 50 gold pieces
  9207 | D:7      | Bought a potion of heal wounds for 50 gold pieces
  9207 | D:7      | Bought 2 potions of curing for 60 gold pieces
  9207 | D:7      | Bought a potion of curing for 30 gold pieces
  9304 | D:7      | Found a shimmering altar of Xom.
 10065 | D:8      | Noticed a cyclops
 10068 | D:8      | Killed a cyclops
 10829 | D:8      | Gained mutation: You sometimes emit foul miasma when
                  | damaged in melee. [demonic ancestry]
 10829 | D:8      | Reached XP level 10. HP: 60/67 MP: 3/17
 11085 | D:8      | Found a sacrificial altar of Ru.
 11087 | D:8      | Received a gift from Nemelex Xobeh
 11175 | D:8      | Reached **** piety under Nemelex Xobeh
 11231 | D:8      | Found a shimmering blue altar of Sif Muna.
 11405 | D:8      | Found a blossoming altar of Fedhas.
 11411 | D:8      | Noticed a death yak
 11411 | D:8      | Noticed a death yak
 11412 | D:8      | Noticed a death yak
 11413 | D:8      | Noticed a death yak
 11413 | D:8      | Noticed a death yak
 11413 | D:8      | Noticed a death yak
 11414 | D:8      | Noticed a death yak
 11415 | D:8      | Noticed a death yak
 11415 | D:8      | Noticed a death yak
 11416 | D:8      | Killed a death yak
 11416 | D:8      | Killed a death yak
 11416 | D:8      | Killed a death yak
 11416 | D:8      | Killed a death yak
 11416 | D:8      | Killed a death yak
 11416 | D:8      | Killed a death yak
 11417 | D:8      | Reached skill level 5 in Dodging
 11417 | D:8      | Gained mutation: When low on magic, you restore magic in
                  | place of health. [demonic ancestry]
 11417 | D:8      | Reached XP level 11. HP: 85/89 MP: 17/19
 11424 | D:8      | Killed a death yak
 11430 | D:8      | Killed a death yak
 11431 | D:8      | Reached skill level 5 in Armour
 11440 | D:8      | Killed a death yak
 11441 | D:8      | Found a staircase to the Lair.
 11551 | D:8      | Noticed Joseph
 11574 | D:8      | Killed Joseph
 12748 | D:9      | Identified the +0 chain mail of Omission {rPois rC+ rN+}
 13148 | D:9      | Received a gift from Nemelex Xobeh
 13389 | D:9      | Received a gift from Nemelex Xobeh
 13968 | D:10     | Entered Level 10 of the Dungeon
 13968 | D:10     | Found a staircase to the Orcish Mines.
 13968 | D:10     | Found a burning altar of Makhleb.
 13987 | D:9      | Paralysed by a hornet for 3 turns
 14763 | D:10     | Found a portal to a secret trove of treasure.
 14831 | D:10     | Found Ysycog's Weapon Shop.
 15257 | D:10     | Found an opulent altar of Gozag.
 15274 | D:10     | Found a stormy altar of Qazlal.
 15430 | Lair:1   | Entered Level 1 of the Lair of Beasts
 15444 | Lair:1   | Reached skill level 10 in Fighting
 15444 | Lair:1   | Reached skill level 10 in Unarmed Combat
 15765 | Lair:1   | Received a gift from Nemelex Xobeh
 15999 | Lair:1   | Noticed a four-headed hydra
 16007 | Lair:1   | Killed a four-headed hydra
 16073 | Lair:1   | Received a gift from Nemelex Xobeh
 16180 | Lair:1   | Noticed Grum
 16190 | Lair:1   | Noticed Grum
 16190 | Lair:1   | Grum changed into Grum the swamp drake
 16191 | Lair:1   | Killed Grum the swamp drake
 16312 | Lair:1   | Reached XP level 12. HP: 79/97 MP: 21/21
 16522 | Lair:1   | Reached ***** piety under Nemelex Xobeh
 18101 | Lair:2   | Received a gift from Nemelex Xobeh
 18289 | Lair:2   | Found a hole to the Spider Nest.
 19163 | Lair:3   | Noticed an eight-headed hydra
 19176 | Lair:3   | Killed an eight-headed hydra
 19185 | Lair:3   | Noticed a six-headed hydra
 19380 | Lair:3   | Killed a six-headed hydra
 20090 | Lair:3   | Received a gift from Nemelex Xobeh
 20234 | Lair:3   | Noticed a five-headed hydra
 20244 | Lair:3   | Killed a five-headed hydra
 20454 | Lair:3   | Gained mutation: You have a tail ending in a sharp stinger.
                  | [demonic ancestry]
 20454 | Lair:3   | Reached XP level 13. HP: 103/107 MP: 24/24
 20457 | Lair:3   | Reached skill level 15 in Invocations
 20850 | Lair:3   | Identified the +6 halberd of Valuable Assets {flame, Int+3
                  | Dex+3}
 21318 | Lair:3   | Found a staircase to the Swamp.
 21321 | Lair:3   | Identified the +7 chain mail "Varoewn" {Fly rF+}
 21857 | Lair:4   | Received a gift from Nemelex Xobeh
 22587 | Lair:4   | Noticed Josephine
 22591 | Lair:4   | Received a gift from Nemelex Xobeh
 22593 | Lair:4   | Killed Josephine
 23218 | Lair:5   | Received a gift from Nemelex Xobeh
 23881 | Lair:6   | Entered Level 6 of the Lair of Beasts
 25309 | Lair:6   | Found a staircase to the Slime Pits.
 25310 | Lair:6   | Found a viscous altar of Jiyva.
 25385 | Lair:6   | Paralysed by a hornet for 3 turns
 25567 | Lair:6   | Identified the +5 battleaxe "Ocsur" {antimagic, rF++ Str-3
                  | Int+4}
 25580 | Lair:6   | Found a runed translucent door.
 25588 | Lair:6   | Noticed a fire dragon
 25899 | Lair:6   | Paralysed by a hornet for 2 turns
 25909 | Lair:6   | Paralysed by a hornet for 2 turns
 25945 | Lair:6   | Gained mutation: You have a sharp stinger which inflicts
                  | weakening toxins. [demonic ancestry]
 25945 | Lair:6   | Reached XP level 14. HP: 62/119 MP: 26/26
 26546 | Lair:6   | Received a gift from Nemelex Xobeh
 26566 | Lair:6   | Found a runed translucent door.
 26566 | Lair:6   | Noticed Ituch's ghost (journeyman GrEE)
 26579 | Lair:6   | Killed Ituch's ghost
 28305 | D:10     | Identified a scroll of acquirement
 28306 | D:10     | Acquired 1083 gold pieces
 28311 | Orc:1    | Entered Level 1 of the Orcish Mines
 28320 | Orc:1    | Received a gift from Nemelex Xobeh
 28425 | Orc:1    | Found Xouvyos's Book Boutique.
 28922 | Orc:1    | Found a bloodstained altar of Trog.
 29211 | Orc:2    | Entered Level 2 of the Orcish Mines
 29211 | Orc:2    | Found a staircase to the Elven Halls.
 29265 | Orc:2    | HP: 6/121 [red devil/+5 vampiric demon trident[an orc high
                  | priest] (18)]
 30408 | Orc:2    | Found Guor's Jewellery Boutique.
 30556 | Orc:1    | Paralysed by an orc sorcerer for 5 turns
 31461 | Orc:2    | Found Vurung's General Store.
 31519 | Orc:2    | Found Ejofean's General Store.
 31542 | Orc:2    | Bought a scroll of enchant armour for 97 gold pieces
 31558 | Orc:2    | Bought a scroll of fear for 56 gold pieces
 31558 | Orc:2    | Bought a potion of cancellation for 128 gold pieces
 31558 | Orc:2    | Bought a potion of curing for 48 gold pieces
 31692 | Orc:2    | Noticed an orc warlord
 31729 | Orc:2    | Paralysed by an orc sorcerer for 6 turns
 31737 | Orc:2    | Paralysed by an orc sorcerer for 3 turns
 31752 | Orc:2    | Received a gift from Nemelex Xobeh
 31763 | Orc:2    | Killed an orc warlord
 32041 | Orc:2    | Found Juarri's Antique Weapon Shop.
 32479 | Orc:2    | Reached skill level 15 in Fighting
 32497 | Orc:2    | Paralysed by an orc sorcerer for 7 turns
 32510 | Orc:2    | Found Hoiclene's Antique Armour Shop.
 32613 | Orc:2    | Bought a pair of heavily runed gloves for 256 gold pieces
 32613 | Orc:2    | Identified the +0 pair of gloves "Eseahou" {Str+6} (You
                  | bought it in a shop on level 2 of the Orcish Mines)
 32613 | Orc:2    | Bought a pair of runed boots for 202 gold pieces
 32687 | Orc:2    | Reached ****** piety under Nemelex Xobeh
 33128 | D:11     | Received a gift from Nemelex Xobeh
 33802 | D:11     | Found a runed translucent door.
 33867 | D:11     | Found a runed translucent door.
 34011 | D:11     | Identified the ring of Contentment {rF- rN+ AC+4 Int+3}
 34029 | D:11     | Identified the ring of Coawegaq {rPois rCorr Str+3 Dex-2}
 34058 | D:11     | Reached XP level 15. HP: 106/116 MP: 28/28
 34226 | D:11     | Found a runed translucent door.
 34324 | D:11     | Identified the ring "Nabadugh" {rC+ rCorr}
 34877 | D:11     | Identified the amulet "Livaw" {Faith rN+ Will+ Int+4}
 34996 | D:12     | Received a gift from Nemelex Xobeh
 35142 | D:12     | Identified the +0 cloak "Gatu" {*Corrode Fly rF- Str+8}
 35238 | D:12     | Acquired the +0 pair of boots "Ecvoc" {rElec rF++ Int-5
                  | SInv}
 35385 | D:12     | Reached skill level 10 in Armour
 35562 | D:12     | Received a gift from Nemelex Xobeh
 36479 | D:13     | Received a gift from Nemelex Xobeh
 36786 | D:13     | Found a gate to the Vaults.
 36819 | D:13     | Cast into level 2 of the Abyss (a wizard)
 36819 | Abyss:2  | Found a corrupted altar of Lugonu.
 36825 | Abyss:2  | Noticed a bone dragon
 36834 | D:13     | Escaped the Abyss
 36985 | D:13     | Acquired 771 gold pieces
 37141 | D:13     | Received a gift from Nemelex Xobeh
 37475 | D:13     | Found a runed translucent door.
 37476 | D:13     | Noticed glosham's ghost (journeyman DjCA)
 37516 | D:13     | Killed glosham's ghost
 37800 | D:14     | Found a one-way gate to the infinite horrors of the Abyss.
 38061 | D:14     | Found a corrupted altar of Lugonu.
 39032 | D:14     | Found a shadowy altar of Dithmenos.
 39322 | D:14     | Received a gift from Nemelex Xobeh
 39585 | D:15     | Entered Level 15 of the Dungeon
 39962 | D:15     | Received a gift from Nemelex Xobeh
 40237 | D:15     | Found a staircase to the Depths.
 40253 | D:15     | Reached XP level 16. HP: 88/140 MP: 30/30
 40984 | D:15     | Reached XP level 17. HP: 147/147 MP: 31/31
 41944 | Spider:1 | Entered Level 1 of the Spider Nest
 42684 | Spider:1 | Noticed Nikola
 42699 | Spider:1 | Killed Nikola
 43250 | Spider:1 | Received a gift from Nemelex Xobeh
 44513 | Spider:1 | Reached skill level 10 in Dodging
 45087 | Spider:2 | Found a runed translucent door.
 45088 | Spider:2 | Noticed gnacko's ghost (adept MiFi)
 45196 | Spider:2 | Killed gnacko's ghost
 45941 | Spider:3 | Noticed Jorgrun
 45946 | Spider:3 | Killed Jorgrun
 46374 | Spider:3 | Received a gift from Nemelex Xobeh
 47912 | Spider:4 | Entered Level 4 of the Spider Nest
 48506 | Spider:4 | Gained mutation: You punish those that try to bend your
                  | will. (Will+) [demonic ancestry]
 48506 | Spider:4 | Reached XP level 18. HP: 78/158 MP: 23/32
 49111 | Spider:4 | Paralysed by a jorogumo for 3 turns
 49473 | Spider:4 | Received a gift from Nemelex Xobeh
 50393 | Spider:4 | Identified the +5 halberd of the Sea {freeze, Fly rPois
                  | Int-2 Dex+8}
 52068 | Spider:4 | Got a gossamer rune of Zot
 52502 | Spider:2 | Identified the +12 dagger of Peass {vorpal, *Rage rF+++ rC+
                  | SInv}
 52623 | Swamp:1  | Entered Level 1 of the Swamp
 53280 | Swamp:1  | Got the Disquisition on Nocuous Beguiling
 53874 | Swamp:2  | Received a gift from Nemelex Xobeh
 54054 | Swamp:2  | Identified the +1 leather armour of the Silversmith {rC-
                  | rCorr Str+7 Dex+2}
 54848 | Swamp:2  | Received a gift from Nemelex Xobeh
 55625 | Swamp:3  | Noticed Donald
 56277 | Swamp:3  | Killed Donald
 56541 | Swamp:3  | Noticed Louise
 56554 | Swamp:3  | Killed Louise
 56783 | Swamp:3  | Received a gift from Nemelex Xobeh
 57170 | Swamp:4  | Entered Level 4 of the Swamp
 57391 | Swamp:4  | Reached XP level 19. HP: 130/168 MP: 30/33
 57711 | Swamp:4  | Got a decaying rune of Zot
 58663 | Vaults:1 | Entered Level 1 of the Vaults
 59543 | Vaults:1 | Found a gateway to a bazaar.
 59586 | Bazaar   | Entered a bazaar
 59588 | Bazaar   | Found Habbisaqi's Book Shop.
 59594 | Bazaar   | Found Javahuz's Assorted Antiques.
 59604 | Bazaar   | Bought a scroll of blinking for 195 gold pieces
 59605 | Bazaar   | Found Tianir's Weapon Shop.
 59642 | Bazaar   | Found Viebloer's Book Boutique.
 59744 | Vaults:1 | Reached XP level 20. HP: 176/176 MP: 34/34
 59937 | Vaults:1 | Reached skill level 5 in Evocations
 60197 | Vaults:1 | Received a gift from Nemelex Xobeh
 61348 | Vaults:1 | Identified the +2 trident "Ymugemn" {holy, rF+ Will+ Dex+4}
 62743 | Vaults:1 | Received a gift from Nemelex Xobeh
 63369 | Vaults:1 | Received a gift from Nemelex Xobeh
 64874 | Vaults:2 | Received a gift from Nemelex Xobeh
 65452 | Vaults:2 | Received a gift from Nemelex Xobeh
 66345 | Vaults:2 | Received a gift from Nemelex Xobeh
 66442 | Vaults:3 | Found Oqaq's Distillery.
 66446 | Vaults:3 | Bought a potion of might for 60 gold pieces
 66446 | Vaults:3 | Bought a potion of curing for 45 gold pieces
 66446 | Vaults:3 | Bought a potion of cancellation for 120 gold pieces
 66446 | Vaults:3 | Bought a potion of heal wounds for 75 gold pieces
 66446 | Vaults:3 | Bought a potion of curing for 45 gold pieces
 67036 | Vaults:3 | Reached XP level 21. HP: 164/184 MP: 31/35
 67328 | Vaults:3 | Noticed a golden dragon
 67329 | Vaults:3 | Identified the +1 long sword "Ukhom" {vorpal, rF++ rC+
                  | Will+ Str-3}
 67339 | Vaults:3 | Killed a golden dragon
 67355 | Vaults:3 | Blown up by a lich

Illustrated notes

Levels and vault maps discovered:
D:1:      sevenhm_arrival_forest_fort_large_1, layout_loops_ring,
          shapermc_ecumenical_altar_mp_highgroup, serial_shops, shop,
          dk_noncrumbling_3
D:2:      layout_basic, serial_corexii_hall, chequers_hall_statues_y,
          corexii_hall_statues_s, corexii_hall_statues_i,
          chequers_hall_statues_y
D:3:      layout_basic, marbit_many_paths, uniq_sigmund, uniq_jessica,
          uniq_crazy_yiuf_cottage
D:4:      layout_gridville, nicolae_overflow_hidden_temple, slow_altar_1,
          minmay_temple_entry_junction_2
D:5:      layout_loops_ring, nicolae_vehumet_altar_sigil, gammafunk_ghost_smash,
          uniq_ijyb
D:6:      layout_gridville, nicolae_wu_jian_immortal_techniques,
          ebering_ghost_disaster_area, uniq_eustachio
D:7:      layout_layer_cave, mainiacjoe_overflow_catwalk, serial_shops, shop
D:8:      layout_cave_pools, kennysheep_orc_sif_temple, amcnicky_altar_gilded,
          fedhas_ov_isle_minmay, dpeg_lair_monsters, minmay_crossroads,
          uniq_joseph
D:9:      layout_gridville
D:10:     layout_rooms, grunt_temple_overflow_open, mainiacjoe_overflow_paths,
          serial_shops, nicolae_shop_bloodbath_and_beyond,
          nicolae_trove_entry_isolated, hangedman_decor_clover_reticule
D:11:     minmay_the_grid_triangle_9x9_recursive_2_mashed
          [minmay_the_grid_triangle_9x9_prize_special,
          minmay_the_grid_triangle_9x9_steps,
          minmay_the_grid_triangle_9x9_fully_insulated_deathbox,
          minmay_the_grid_triangle_9x9_descending_squares], layout_basic
D:12:     layout_cave_pools
D:13:     layout_stronghold, grunt_vaults_entry_tiered,
          ebering_ghost_inner_flame, ice2_lemuel
D:14:     layout_loops_ring, grunt_dithmenos_smoke,
          amcnicky_altar_lugonu_corruption
D:15:     gammafunk_enter_depths_forms, layout_irregular_city,
          serial_column_ruins, column_ruins_open_tiny, column_ruins_open_small,
          column_ruins_grid_1, column_ruins_corridor_dead_end,
          column_ruins_corridor_straight, hangedman_abyss_or_decor_stagger,
          grunt_ministairs_5, minivault_1, minivault_28
Temple:   pf_slime_end_temple
Lair:1:   layout_loops_ring, chequers_serial_rivers_small_b,
          nicolae_quartered_pool_medium, chequers_serial_rivers_room_b,
          uniq_grum
Lair:2:   layout_loops_ring, hellmonk_spider_entry_not_the_bees,
          portal_ice_cave_entry_imps
Lair:3:   layout_regular_city, palyth_hydra_swamp_entry, eino_house_with_fridge
Lair:4:   layout_cave_pods, uniq_josephine
Lair:5:   layout_gridlike
Lair:6:   wormcave, layout_regular_city, hangedman_lair_in_review,
          slime_altar_1, gammafunk_ghost_grave
Swamp:1:  layout_basic_swamp, evilmike_swamp_ruin_house_2, swamp_pool5,
          nicolae_swamp_dense_foliage
Swamp:2:  layout_basic_swamp, evilmike_swamp_ruin_house_6,
          infiniplex_staircase_pool
Swamp:3:  layout_basic_swamp, nicolae_swamp_trees_clearing, swamp_pool1,
          uniq_donald, uniq_louise
Swamp:4:  swamp_alternative, layout_basic_swamp
Spider:1: layout_cave_pods, uniq_nikola
Spider:2: layout_spider_delve, gammafunk_ghost_grave, spiders_nest_hornet_nest
Spider:3: layout_spider_delve, uniq_jorgrun
Spider:4: spider_rune_water, nicolae_spider_jagged_tunnels
Orc:1:    layout_diamond_mine, basic_altar, serial_shops, shop
Orc:2:    grunt_orc_gardens, layout_diamond_mine, grunt_orc_garden,
          grunt_orc_garden, grunt_orc_garden, grunt_orc_garden, special_room,
          basic_altar, serial_shops, shop_statue, lightli_orcish_oven
Vaults:1: nicolae_vaults_network_s, hangedman_vaults_capsules, v_misc_9,
          vaults_mumra_hexcomb, vaults_room_pool, hangedman_vaults_stagger,
          hangedman_vaults_impose, ontoclasm_vaults_claustrophobia,
          nicolae_vaults_mini_display_case, layout_vaults_omnigrid,
          serial_shops, statue_bzr
Vaults:2: v_pattern_1, v_alt_pattern_2, nicolae_vaults_circle_grid_a,
          vaults_dpeg_encased_lava, nicolae_vaults_little_squares_5,
          nicolae_vaults_circle_grid_b, nicolae_vaults_circle_grid_b,
          nicolae_vaults_border_crossing, vaults_dpeg_ring, v_misc_33,
          vaults_mumra_lcd, v_misc_25, nicolae_vaults_network_periphery,
          vaults_room_stairs_pillars, layout_vaults_chaotic_city
Vaults:3: grunt_vaults_hallway_short, nicolae_vaults_theta, vaults_room_corners,
          vaults_room_mumra_shop_pool, v_misc_5, blue_anna_dwarven_crypt,
          hangedman_vaults_maws, hangedman_vaults_stitches,
          vaults_room_guarded_vault, vaults_room_fancy_cross,
          dpeg_vaults_monster_box, v_misc_2, vaults_dpeg_diagonal,
          grunt_vaults_focal, layout_vaults_omnicross, serial_shops,
          nicolae_shop_stone

Skill      XL: |  1  2  3  4  5  6  7  8  9 10 11 12 13 14 15 16 17 18 19 20 21 |
---------------+----------------------------------------------------------------+-----
Unarmed Combat | 3 4 5 6 7 8 9 10 11 12 13 14 | 14.7
Invocations    | 1 3 4 6 7 9 11 12 14 17 19 20 | 20.9
Fighting       | 4 5 6 7 9 10 11 13 15 16 17 18 19 20 | 20.8
Armour         | 1 2 3 4 5 7 8 9 10 11 12 13 14 | 14.0
Dodging        | 3 4 5 6 7 9 10 11 12 | 12.9
Evocations     | 4 6 |  6.0
Stealth        | |  1.7

Action                   |  1- 3 |  4- 6 |  7- 9 | 10-12 | 13-15 | 16-18 | 19-21 || total
-------------------------+-------+-------+-------+-------+-------+-------+-------++-------
Melee: Unarmed           |   156 |   129 |   440 |   738 |  1704 |  1542 |   802 ||  5511
       Punch             |     2 |     6 |    14 |    53 |   179 |   176 |   116 ||   546
       Tailslap          |       |       |    28 |   143 |   401 |   334 |   218 ||  1124
Invok: Draw Destruction  |       |     7 |    24 |    23 |    35 |    34 |    12 ||   135
       Draw Summoning    |       |     2 |       |     2 |    17 |    12 |     8 ||    41
       Stack Five        |       |       |       |     1 |       |     1 |       ||     2
       Draw Stack        |       |       |       |       |     2 |     3 |       ||     5
  Use: Scroll            |     3 |     1 |     3 |    13 |     9 |     6 |     2 ||    37
       Potion            |       |     1 |     4 |     3 |    13 |    12 |    10 ||    43
 Stab: Sleeping          |     5 |     3 |       |       |       |       |       ||     8
       Petrified         |       |       |       |       |    12 |    15 |       ||    27
       Invisible         |       |       |       |       |     4 |       |       ||     4
       Distracted        |       |       |       |       |     3 |     1 |       ||     4
Armor: Robe              |    33 |       |       |       |       |       |       ||    33
       Ring mail         |    19 |    24 |       |       |       |       |       ||    43
       Leather armour    |       |    40 |     1 |       |       |       |       ||    41
       Scale mail        |       |       |   156 |    66 |       |       |       ||   222
       Skin              |       |       |     2 |       |       |       |       ||     2
       Plate armour      |       |       |       |   418 |    31 |       |       ||   449
       Chain mail        |       |       |       |       |  1062 |  1202 |   673 ||  2937
Dodge: Dodged            |    93 |    92 |   181 |   257 |   706 |   953 |   523 ||  2805
       Repelled          |       |       |       |     7 |     2 |       |       ||     9
Block: Other             |       |       |    60 |   161 |   265 |       |       ||   486
       Reflection        |       |       |     2 |     4 |    10 |       |       ||    16
